 Dungeon Crawl Stone Soup version 0.18-a0-1273-g8ec5f8e (webtiles) character file.

5 Motquri the Conjurer (level 1, -2/11 HPs)
             Began as an Octopode Conjurer on Feb 7, 2016.
             Slain by a gnoll
             ... wielding a +0 halberd
              (13 damage)
             ... on level 1 of the Dungeon.
             The game lasted 00:01:20 (387 turns).

Motquri the Conjurer (Octopode Conjurer)             Turns: 387, Time: 00:01:20

Health: -2/11      AC:  1    Str:  7    XL:     1   Next: 80%
Magic:  1/3        EV: 12    Int: 17    God:
Gold:   19         SH:  0    Dex: 12    Spells: 1 memorised, 3 levels left

rFire  . . .     SeeInvis .     m - +0 dagger (drain)
rCold  . . .     Gourm    .     (no shield)
rNeg   . . .     Faith    .     (helmet restricted)
rPois  .         Spirit   .     (no amulet)
rElec  .         Dismiss  .     (no ring)
rCorr  .         Reflect  .     (no ring)
SustAt .         Harm     .     (no ring)
MR     .....                    (no ring)
Stlth  +++.......               (no ring)
                                (no ring)
                                (no ring)
                                (no ring)

@: not resistant to hostile enchantments, fairly stealthy
A: almost no armour, amphibious, 8 rings, constrict 8, camouflage 1, gelatinous
body 1
a: no special abilities


You were on level 1 of the Dungeon.
You were not hungry.

You visited 1 branch of the dungeon, and saw 1 of its levels.

You collected 19 gold pieces.

Inventory:

Hand Weapons
 f - a +0 club
 m - a +0 dagger of draining (weapon)
Missiles
 d - 14 poisoned needles
Scrolls
 e - a scroll of identify {unknown}
 g - 2 scrolls of remove curse {unknown}
 l - a scroll of teleportation {unknown}
Potions
 i - 2 potions of degeneration {unknown}
Books
 a - a book of Conjurations

   Spells                             Type                      Level
   a - Magic Dart                     Conjuration                  1
   b - Searing Ray                    Conjuration                  2
   c - Dazzling Spray                 Conjuration/Hexes            3
   d - Fulminant Prism                Conjuration/Hexes            4
   e - Iskenderun's Mystic Blast      Conjuration                  4
   f - Iskenderun's Battlesphere      Conjuration/Charms           5
Comestibles
 b - a bread ration
 c - a slice of pizza
 h - a chunk of flesh
 j - a meat ration
 k - 3 fruits


   Skills:
 - Level 2.0 Dodging
 - Level 2.6 Stealth
 + Level 2.2 Spellcasting
 * Level 4.1 Conjurations


You had 3 spell levels left.
You knew the following spells:

 Your Spells              Type           Power        Failure   Level  Hunger
f - Magic Dart            Conj           ###.         3%          1    #......


Dungeon Overview and Level Annotations

Branches:
Dungeon (1/15)

Altars:


Innate Abilities, Weirdness & Mutations

You cannot wear most types of armour.
You are amphibious.
You can wear up to eight rings at the same time.
You can use your tentacles to constrict eight enemies at once.
Your skin changes colour to match your surroundings (Stealth).
Your rubbery body absorbs attacks (AC +1).


Message History

Casting: Magic Dart
Confirm with . or Enter, or press ? or * to list all spells.
Aiming: Magic Dart
Press: ? - help, Shift-Dir - straight line, f/p - gnoll
Aim: a gnoll, wielding a halberd (moderately wounded)
The magic dart hits the gnoll.
The gnoll is moderately wounded.
There is an open door here.
There is an open door here.
There is an open door here.
Casting: Magic Dart
Confirm with . or Enter, or press ? or * to list all spells.
Aiming: Magic Dart
Press: ? - help, Shift-Dir - straight line, f/p - gnoll
Aim: a gnoll, wielding a halberd (lightly wounded)
The magic dart hits the gnoll.
The gnoll is lightly wounded.
The gnoll hits you from afar with a halberd!
Ouch! That really hurt!
You die...

...#...#..........#.#.......#..#.
...'...#..........#.#..####.#..#.
####...#..........#.#..........#.
..................#.#..####.#.##.
..........................>(...#.
...######.......###.##.##...#..##
#..# #.......# #.#..........#
##.# #.......###....#.......#
≈#.# #.......@.g............#
≈#.# #.......###............#
≈8.# #.......# #.#.........##
.'.# ######### #+#..#.....## ≈8##
.....###.#.# ≈## #.....# #.### ≈#
#.....# #.# ## #.....# #.# #
##+#..# #.#


You could see a gnoll.

Vanquished Creatures
  A goblin (D:1)
  2 hobgoblins (D:1)
  A kobold (D:1)
4 creatures vanquished.

Notes
Turn   | Place    | Note
--------------------------------------------------------------
     0 | D:1      | Motquri the Octopode Conjurer began the quest for the Orb.
     0 | D:1      | Reached XP level 1. HP: 11/11 MP: 3/3
   387 | D:1      | Slain by a gnoll

Vault maps used:
D:1:      lightli_arrival_statuegarden, nicolae_ashenzari_panopticon

Action                   || total
-------------------------++-------
Melee: Club              ||     3
 Cast: Magic Dart        ||    11
